 Dungeon Crawl Stone Soup version 0.25-a0-1079-g858b6a6ff6 (webtiles) character file.

Game seed: 15890015743737763395, levelgen mode: deterministic

492 kae the Spear-Bearer (level 7, 0/46 HPs)
             Began as a Merfolk Ice Elementalist on May 15, 2020.
             Killed from afar by Blork the orc (5 damage)
             ... with a magic dart
             ... on level 5 of the Dungeon.
             The game lasted 00:07:02 (4618 turns).

kae the Spear-Bearer (Merfolk Ice Elementalist)     Turns: 4618, Time: 00:07:02

Health: 0/46       AC:  4    Str: 10    XL:     7   Next: 14%
Magic:  9/11       EV: 17    Int: 14    God:
Gold:   156        SH:  0    Dex: 15    Spells: 8/12 levels left

rFire    . . .     SeeInvis .   d - +0 trident
rCold    . . .     Gourm    .   (no shield)
rNeg     + . .     Faith    .   k - +2 robe {rN+}
rPois    .         Spirit   .   (no helmet)
rElec    .         Reflect  .   i - +0 cloak
rCorr    .         Harm     .   (no gloves)
MR       .....     Rnd*Tele +   (no boots)
Stlth    ++........             (no amulet)
HPRegen  0.15/turn              e - +4 ring of evasion
MPRegen  0.12/turn              (no ring)

@: lethally poisoned (0 -> 0), hasted, very quick
A: change form in water, swift swim, stealthy swim, deformed body, teleportitis
1
a: no special abilities


You were on level 5 of the Dungeon.
You were not hungry.

You visited 1 branch of the dungeon, and saw 5 of its levels.

You collected 156 gold pieces.

Inventory:

Hand Weapons
 d - a +0 trident (weapon)
 j - a +0 short sword
Armour
 i - a +0 cloak (worn)
 k - a +2 robe of positive energy (worn)
Jewellery
 e - a +4 ring of evasion (left hand)
 o - an uncursed amulet of faith
Wands
 a - a wand of enslavement (10)
 q - a wand of random effects (17)
Scrolls
 p - a scroll of immolation
Potions
 b - a potion of degeneration
 g - a potion of stabbing
 h - a potion of cancellation
Comestibles
 c - 3 rations


   Skills:
 + Level 8.1 Polearms
 - Level 2.6 Dodging
 - Level 2.1 Stealth
 - Level 3.0 Spellcasting
 - Level 6.0 Ice Magic


You had 8 spell levels left.
You knew the following spells:

 Your Spells              Type           Power        Failure   Level  Hunger
a - Freeze                Ice            ###.         1%          1    #......
b - Frozen Ramparts       Ice            ###...       5%          3    ###....

Your spell library contained the following spells:

 Spells                   Type           Power        Failure   Level  Hunger
 Ensorcelled Hibernation  Hex/Ice        ##....       10%         2    ##.....
 Ozocubu's Armour         Chrm/Ice       ##......     19%         3    ###....
 Corona                   Hex            #......      22%         1    #......
 Hailstorm                Conj/Ice       ##......     52%         4    #####..
 Summon Ice Beast         Ice/Summ       ##......     52%         4    #####..
 Confusing Touch          Hex            #.......     54%         3    ###....
 Dazzling Flash           Conj/Hex       #.....       54%         3    ###....
 Tukima's Dance           Hex            #.......     54%         3    ###....


Dungeon Overview and Level Annotations

Branches:
Dungeon (5/15)             Temple (0/1) D:5

Altars:
Fedhas
Hepliaklqana
Vehumet
Wu Jian
Xom
Yredelemnul

Annotations:
D:4 Sigmund
D:5 exclusion: orc wizard, Blork the orc, Edmund


Innate Abilities, Weirdness & Mutations

You revert to your normal form in water.
You are very nimble and swift while swimming.
You are very stealthy in the water. (Stealth+)
Armour fits poorly on your strangely shaped body.
You are occasionally teleported next to monsters.


Message History

Your Polearms skill increases to level 8!
Things that are here:
a cursed +0 long sword; a +0 robe; 4 gold pieces A magic dart appears from out of thin air!
The magic dart hits you.
* * * LOW HITPOINT WARNING * * *
A puff of frost appears from out of thin air!
The puff of frost misses you.
You feel sick.
You feel sick.
There is an open door here.
You close the door.
Something unseen opens the door.
You feel sick.
A puff of frost appears from out of thin air!
The puff of frost hits you.
* * * LOW HITPOINT WARNING * * *
A magic dart appears from out of thin air!
The magic dart hits you.
You die...

#########
############......l##
#<..@....{.S...l....)
############.......##
#.......#. #.........
#......... #.........
.......... ###....#o#


You could see an adder.

Vanquished Creatures
  2 wights (D:5)
  2 howler monkeys (D:4)
  2 orc priests
  2 bullfrog skeletons (D:4)
  Jessica (D:2)
  A worker ant (D:4)
  2 adders
  An ooze (D:1)
  3 worms
  13 orcs
  5 giant cockroaches
  6 goblins
  6 hobgoblins
  9 jackals
  A quokka (D:4)
  14 bats
  3 frilled lizards (D:3)
  A jackal skeleton (D:4)
  10 kobolds
  8 rats
92 creatures vanquished.

Vanquished Creatures (others)
  A wight (D:5)
  A plant (D:5)
2 creatures vanquished.

Grand Total: 94 creatures vanquished

Notes
Turn   | Place    | Note
-------+----------+-------------------------------------------
     0 | D:1      | kae the Merfolk Ice Elementalist began the quest for the
                  | Orb.
     0 | D:1      | Reached XP level 1. HP: 13/13 MP: 3/3
   379 | D:1      | Reached XP level 2. HP: 4/19 MP: 0/5
   821 | D:1      | Reached skill level 5 in Ice Magic
  1021 | D:1      | Reached XP level 3. HP: 24/24 MP: 0/6
  1274 | D:2      | Noticed Jessica
  1612 | D:2      | Killed Jessica
  1612 | D:2      | Reached XP level 4. HP: 28/30 MP: 4/8
  1650 | D:2      | Found a basalt altar of Yredelemnul.
  1977 | D:2      | Found a radiant altar of Vehumet.
  2232 | D:2      | Found a shimmering altar of Xom.
  2571 | D:3      | Learned a level 3 spell: Frozen Ramparts
  2711 | D:3      | Found an ornate altar of the Wu Jian Council.
  2734 | D:3      | Reached skill level 1 in Polearms
  3036 | D:3      | Reached XP level 5. HP: 35/35 MP: 7/9
  3107 | D:3      | Reached skill level 2 in Polearms
  3468 | D:4      | Reached skill level 3 in Polearms
  3591 | D:4      | Reached skill level 4 in Polearms
  3662 | D:4      | Reached skill level 5 in Polearms
  3662 | D:4      | Reached XP level 6. HP: 32/41 MP: 10/10
  3746 | D:4      | Noticed Sigmund
  4114 | D:4      | Reached skill level 6 in Polearms
  4359 | D:4      | Found a blossoming altar of Fedhas.
  4360 | D:4      | Found a hazy altar of Hepliaklqana.
  4467 | D:5      | Entered Level 5 of the Dungeon
  4500 | D:5      | Found a staircase to the Ecumenical Temple.
  4520 | D:5      | Gained mutation: You are occasionally teleported next to
                  | monsters. [potion of mutation]
  4520 | D:5      | Gained mutation: Armour fits poorly on your strangely
                  | shaped body. [potion of mutation]
  4520 | D:5      | Gained mutation: You are clumsy. (Dex -2) [potion of
                  | mutation]
  4520 | D:5      | Lost mutation: You are clumsy. (Dex -2) [potion of
                  | mutation]
  4534 | D:5      | Reached skill level 7 in Polearms
  4557 | D:5      | Noticed Blork the orc
  4557 | D:5      | Noticed Edmund
  4590 | D:5      | Reached XP level 7. HP: 22/46 MP: 7/11
  4600 | D:5      | Reached skill level 8 in Polearms
  4618 | D:5      | Killed from afar by Blork the orc

Illustrated notes

Levels and vault maps discovered:
D:1:      dpeg_arrival_houses_and_road, layout_basic, nrook_uturn
D:2:      layout_rooms, nicolae_overflow_crystal_walls, lemuel_doored_altar,
          yredelemnul_altar_generic, uniq_jessica
D:3:      layout_loops_ring, overflow_temple_1_default
D:4:      layout_rooms, chequers_temple_overflow_statue_of_worship,
          serial_forest, infiniplex_forest_lined_2,
          infiniplex_forest_straight_3, infiniplex_forest_lined_1,
          infiniplex_forest_clump_long, uniq_sigmund
D:5:      corexii_shack_village, layout_basic, nicolae_overflow_hidden_temple,
          minmay_temple_entry_overgrown, first_ration, cheibrodos_worm_habitat,
          uniq_blork_the_orc, uniq_crazy_yiuf_cottage, uniq_ijyb, uniq_edmund

Skill      XL: |  1  2  3  4  5  6  7 |
---------------+----------------------+-----
Ice Magic      | 5 6 |  6.0
Polearms       | 1 5 7 8 |  8.1
Spellcasting   | 3 |  3.0
Dodging        | |  2.6
Stealth        | |  2.1

Action                   |  1- 3 |  4- 6 |  7- 9 || total
-------------------------+-------+-------+-------++-------
Melee: Unarmed           |     8 |       |       ||     8
       Dagger            |     2 |       |       ||     2
       Short sword       |    12 |     9 |       ||    21
       Trident           |       |    93 |     2 ||    95
 Cast: Freeze            |    34 |   100 |     1 ||   135
  Use: Scroll            |     3 |     7 |       ||    10
       Potion            |       |     7 |       ||     7
 Stab: Sleeping          |     5 |    10 |       ||    15
  Eat: Chunk             |     3 |     6 |       ||     9
       Ration            |       |     1 |       ||     1
Armor: Robe              |     7 |    19 |       ||    26
Dodge: Dodged            |    59 |   120 |     4 ||   183

Table legend:
 A = Non-vault XP
 B = Vault XP
 C = Vault XP percentage of total XP
 D = Non-vault monster count
 E = Vault monster count
 F = Vault count percentage of total count
                 A         B        C        D         E       F
            +---------+---------+-------+---------+---------+-------
      Total |     667 |      37 |   5.3 |      92 |       1 |   1.1
            +---------+---------+-------+---------+---------+-------
        D:1 |      42 |       0 |   0.0 |      22 |       0 |   0.0
        D:2 |      47 |      37 |  44.0 |      22 |       1 |   4.3
        D:3 |      62 |       0 |   0.0 |      25 |       0 |   0.0
        D:4 |     294 |       0 |   0.0 |      16 |       0 |   0.0
        D:5 |     222 |       0 |   0.0 |       7 |       0 |   0.0
            +---------+---------+-------+---------+---------+-------
